 Dungeon Crawl Stone Soup version 0.29-a0-598-gd8304a5bf4 (webtiles) character file.

Game seed: 6702216033202988199

1173 happo123 the Ruffian (level 8, -1/74 HPs)
             Began as a Troll Transmuter on June 15, 2022.
             Was a Believer of Okawaru.
             Slain by an orc warrior
             ... wielding a +0 dire flail
              (11 damage)
             ... on level 6 of the Dungeon.
             The game lasted 00:19:03 (4405 turns).

happo123 the Ruffian (Troll Transmuter)             Turns: 4405, Time: 00:19:04

Health: -1/74      AC:  6    Str: 19    XL:     8   Next: 18%
Magic:  8/10       EV: 10    Int: 11    God:    Okawaru [**....]
Gold:   216        SH:  0    Dex: 10    Spells: 8/11 levels left

rFire   + + .      SeeInvis .     - Unarmed
rCold   + . .      Faith    .   (no shield)
rNeg    . . .      Spirit   .   m - +2 robe of Lugonu's Hatred {rF++ rC+ Will+}
rPois   +          Reflect  .   (helmet currently unavailable)
rElec   .          Harm     .   (no cloak)
rCorr   .          Rampage  .   (gloves unavailable)
Will    +....                   (boots unavailable)
Stlth   +.........              (no amulet)
HPRegen 1.02/turn               u - ring of poison resistance
MPRegen 0.12/turn               (no ring)

@: appendages, wereblooded
A: horns 2, talons 2, large, unfitting armour, claws 3, regeneration 1, shaggy
fur 1, tough skin 1
a: End Transformation, Renounce Religion, Heroism


You were on level 6 of the Dungeon.
You worshipped Okawaru.
Okawaru was pleased with you.
You had temporarily grown beastly horns and talons.
You visited 2 branches of the dungeon, and saw 7 of its levels.

You collected 321 gold pieces.
You spent 105 gold pieces at shops.

Inventory:

Hand Weapons
 p - a +4 flail
Armour
 a - a +0 robe
 m - the +2 robe of Lugonu's Hatred (worn) {rF++ rC+ Will+}
   (You found it on level 2 of the Dungeon)

   rF:        It greatly protects you from fire.
   rC:        It protects you from cold.
   Will:      It increases your willpower.
Jewellery
 u - a ring of poison resistance (left claw)
Wands
 n - a wand of polymorph (1)
Scrolls
 c - a scroll of summoning {unknown}
 d - 4 scrolls of teleportation {unknown}
 f - 3 scrolls of noise {unknown}
 i - 3 scrolls of magic mapping {unknown}
 o - a scroll of fog {unknown}
 r - a scroll of vulnerability {unknown}
 t - 2 scrolls of blinking
 v - a scroll of enchant weapon {unknown}
 w - 2 scrolls of poison {unknown}
 y - 2 scrolls of identify {unknown}
Potions
 b - a potion of lignification
 e - 2 potions of haste {unknown}
 g - a potion of brilliance {unknown}
 h - 2 potions of attraction {unknown}
 j - a potion of degeneration {unknown}
 k - 2 potions of cancellation {unknown}
 l - a potion of invisibility {unknown}
 q - 4 potions of mutation {unknown}
 s - a potion of heal wounds {unknown}
 x - 3 potions of curing {unknown}


   Skills:
 + Level 2.7 Fighting
 + Level 3.2 Dodging
 * Level 5.7 Unarmed Combat
 + Level 2.4 Spellcasting
 * Level 3.9 Transmutations
 + Level 2.1 Ice Magic


You had 8 spell levels left.
You knew the following spells:

 Your Spells              Type           Power      Damage    Failure   Level
a - Beastly Appendage     Tmut           20%        N/A       5%          1
b - Wereblood             Tmut           10%        N/A       9%          2

Your spell library contained the following spells:

 Spells                   Type           Power      Damage    Failure   Level
 Sting                    Tmut/Pois      20%        1d4       12%         1
 Apportation              Tloc           2%         N/A       28%         1
 Necrotize                Necr           4%         1d4       28%         1
 Spider Form              Tmut/Pois      5%         N/A       36%         3
 Poisonous Vapours        Pois/Air       2%         N/A       38%         2
 Ice Form                 Ice/Tmut       8%         N/A       61%         4
 Portal Projectile        Hex/Tloc       2%         N/A       63%         3
 Blade Hands              Tmut           5%         N/A       83%         5
 Olgreb's Toxic Radiance  Pois           1%         N/A       95%         4
 Alistair's Intoxication  Tmut/Pois      3%         N/A       98%         5
 Summon Small Mammal      Summ           Unusable   N/A       N/A         1
 Tukima's Dance           Hex            Unusable   N/A       N/A         3

Dungeon Overview and Level Annotations

Branches:
Dungeon (6/15)             Temple (1/1) D:5

Altars:
Ashenzari
Cheibriados
Elyvilon
Fedhas
Gozag
Hepliaklqana
Nemelex Xobeh
Okawaru
Qazlal
Trog
Yredelemnul
Zin

Shops:
D:4 *   D:5 =((


Innate Abilities, Weirdness & Mutations

You have temporarily grown beastly horns and talons.
You are too large for most types of armour.
You have claws for hands.
Your natural rate of healing is unusually fast.
You are covered in fur. (AC +1)
You have tough skin. (AC +1)


Message History

You claw the orc wizard, but do no damage.
Your headbutt misses the orc wizard.
The orc wizard is almost dead.
The orc warrior hits you with a +0 dire flail!
The orc wizard gestures at you while chanting.
The magic dart hits you.
* * * LOW HITPOINT WARNING * * *
You claw the orc wizard!
You feel a bit better.
You kill the orc wizard!
Okawaru accepts your kill.
The orc warrior hits you with a +0 dire flail!
* * * LOW HITPOINT WARNING * * *
You scratch the orc. You claw the orc.
The orc is heavily wounded.
You closely miss the orc. Your kick misses the orc. You headbutt the orc.
You feel a bit better.
You kill the orc!
Okawaru accepts your kill.
Your horns disappear.
Your talons disappear.
The orc warrior barely misses you.
You barely miss the orc. You claw the orc!
You feel a bit better.
You kill the orc!
Okawaru accepts your kill.
The orc warrior hits you with a +0 dire flail.
* * * LOW HITPOINT WARNING * * *
You scratch the orc warrior but do no damage.
The orc warrior is moderately wounded.
The water moccasin barely misses you. The orc warrior closely misses you.
You closely miss the orc warrior.
The orc warrior is moderately wounded.
The water moccasin misses you.
The orc warrior hits you with a +0 dire flail.
* * * LOW HITPOINT WARNING * * *
The water moccasin bites you!
* * * LOW HITPOINT WARNING * * *
Casting: Beastly Appendage (safe; 5% risk of failure)
Press: ? - help, Q - select action, (/) - cycle Dir - look around, f - activate You grow a pair of large bovine horns.
Your feet morph into talons.
The orc warrior hits you with a +0 dire flail!
You die...

........# .#.#.#.##
.#.#.#.# #.#.#.#
#.#.#.# #.#.#.#
#.#.#.####
#.#.#.##.#############.
#.#.#.##.....).@Sh.....
#.#.#..........o#######
#.# ####.######!# #.#
#.# #.# #.# #.# #.# #.#
#.# #.# #.# #.# #.# #.#


You could see an orc warrior, a water moccasin and a hound.

Vanquished Creatures
  The ghost of Heh the Poker, an amateur OpMo (D:4)
  Edmund (D:4)
  Duvessa (D:5)
  2 ogres
  A scorpion (D:6)
  A necrophage (D:5)
  Dowan (D:5)
  A howler monkey (D:5)
  An orc priest (D:5)
  Jessica (D:2)
  3 iguanas
  Terence (D:3)
  An orc wizard (D:6)
  Natasha (thrice) (D:2)
  4 gnolls
  4 adders
  2 ufetubi (D:5)
  A worm (D:2)
  2 dart slugs
  7 orcs
  5 ball pythons
  7 bats
  6 endoplasms
  4 giant cockroaches
  4 goblins
  A hobgoblin (D:4)
  4 jackals (D:2)
  2 quokkas
  3 frilled lizards
  5 kobolds
  3 rats
83 creatures vanquished.

Notes
Turn   | Place    | Note
-------+----------+-------------------------------------------
     0 | D:1      | happo123 the Troll Transmuter began the quest for the Orb.
     0 | D:1      | Reached XP level 1. HP: 18/18 MP: 1/1
   176 | D:1      | Found a faded altar of an unknown god.
   236 | D:1      | Reached XP level 2. HP: 26/26 MP: 2/2
   398 | D:1      | Reached skill level 1 in Fighting
   772 | D:2      | Noticed Jessica
   783 | D:2      | Killed Jessica
   784 | D:2      | Reached XP level 3. HP: 28/33 MP: 2/4
   787 | D:2      | Learned a level 2 spell: Wereblood
   890 | D:2      | Identified the +2 robe of Lugonu's Hatred {rF++ rC+ Will+}
  1063 | D:2      | Reached XP level 4. HP: 34/41 MP: 2/5
  1064 | D:2      | Noticed Natasha
  1067 | D:2      | Killed Natasha
  1208 | D:2      | Noticed Natasha
  1215 | D:2      | Killed Natasha
  1316 | D:2      | Noticed Natasha
  1322 | D:2      | Killed Natasha
  1323 | D:2      | Reached XP level 5. HP: 40/48 MP: 4/6
  1356 | D:3      | Noticed Terence
  1363 | D:3      | Killed Terence
  1364 | D:3      | Reached skill level 4 in Unarmed Combat
  1579 | D:3      | Found an iron altar of Okawaru.
  1753 | D:3      | Became a worshipper of Warmaster Okawaru
  2299 | D:4      | Found a runed translucent door.
  2305 | D:4      | Noticed Heh's ghost (amateur OpMo)
  2319 | D:4      | Reached skill level 1 in Ice Magic
  2334 | D:4      | Killed Heh's ghost
  2334 | D:4      | Reached * piety under Okawaru
  2335 | D:4      | Reached XP level 6. HP: 15/57 MP: 3/7
  2459 | D:4      | Found Dan Sar's General Store.
  2479 | D:4      | Bought a scroll of blinking for 105 gold pieces
  2582 | D:4      | Reached XP level 7. HP: 49/65 MP: 6/9
  2871 | D:4      | Noticed Edmund
  2882 | D:4      | Killed Edmund
  2883 | D:4      | Reached skill level 5 in Unarmed Combat
  3126 | D:5      | Entered Level 5 of the Dungeon
  3345 | D:5      | Found Saisiluz's Antique Weapon Shoppe.
  3391 | D:5      | Found Vyafryn's Jewellery Shoppe.
  3463 | D:5      | Found Bigup's Weapon Shoppe.
  3491 | D:5      | Noticed Dowan
  3492 | D:5      | Noticed Duvessa
  3502 | D:5      | Killed Duvessa
  3502 | D:5      | Reached ** piety under Okawaru
  3512 | D:5      | Killed Dowan
  3600 | D:5      | Found a staircase to the Ecumenical Temple.
  3609 | Temple   | Entered the Ecumenical Temple
  3859 | D:5      | Reached XP level 8. HP: 74/74 MP: 6/10
  4405 | D:6      | Slain by an orc warrior

Illustrated notes

Levels and vault maps discovered:
D:1:      lightli_arrival_boilingwater, layout_basic,
          shapermc_ecumenical_altar_notcrosses, serial_forest,
          infiniplex_forest_straight_2, infiniplex_forest_3_way,
          infiniplex_forest_lined_room_, infiniplex_forest_end_3,
          infiniplex_forest_lined_4_way, infiniplex_forest_lined_room_2,
          infiniplex_forest_clump_double, infiniplex_forest_lined_2,
          infiniplex_forest_lined_1, grunt_decor_cap,
          dreamdust_mushroom_princess
D:2:      layout_basic, uniq_natasha, uniq_jessica
D:3:      layout_basic, nicolae_overflow_hidden_temple, uniq_terence
D:4:      layout_basic, serial_shops, nicolae_shop_stone, ebering_ghost_sewer_d,
          lemuel_flame_loot_1, uniq_edmund
D:5:      layout_loops_corners, minmay_temple_entry_waves, serial_shops,
          nicolae_shop_crystal, shop, nicolae_shop_crystal, uniq_duvessa
D:6:      layout_basic, nicolae_dithmenos_through_a_glass_darkly,
          mainiacjoe_overflow_alcove_3, nicolae_overflow_crystal_walls,
          serial_corexii_hall, chequers_hall_statues_corner_a,
          corexii_hall_statues_x, uniq_sigmund
Temple:   jpeg_temple_clearing

Skill      XL: |  1  2  3  4  5  6  7 |
---------------+----------------------+-----
Fighting       | 1 2 |  2.7
Transmutations | 2 3 |  3.9
Dodging        | 2 3 |  3.2
Unarmed Combat | 4 5 |  5.7
Ice Magic      | 1 2 |  2.1
Spellcasting   | 2 |  2.4

Action                   |  1- 3 |  4- 6 |  7- 9 || total
-------------------------+-------+-------+-------++-------
Melee: Unarmed           |    68 |    74 |    92 ||   234
       Kick              |     2 |     9 |    15 ||    26
       Headbutt          |     1 |     3 |     6 ||    10
       Punch             |     1 |       |     2 ||     3
 Cast: Beastly Appendage |     5 |     5 |    13 ||    23
       Wereblood         |       |     2 |     3 ||     5
Armor: Robe              |    28 |    27 |    12 ||    67
Dodge: Dodged            |    40 |    35 |    37 ||   112

Table legend: (Time is in decaauts)
 A = Elapsed time spent in this place.
 B = Non-inter-level travel time spent in this place.
 C = Inter-level travel time spent in this place.
 D = Time resting spent in this place.
 E = Time spent auto-exploring this place.
 F = Levels seen in this place.
 G = Mean time per level.
                   A        B        C        D        E       F      G
               +--------+--------+--------+--------+--------+-----+--------+
         Total |   4393 |   3623 |    770 |      0 |   2821 |   7 |  627.6 |
       Dungeon |   4308 |   3550 |    758 |      0 |   2760 |   6 |  718.0 |
        Temple |     85 |     73 |     12 |      0 |     61 |   1 |   85.0 |
               +--------+--------+--------+--------+--------+-----+--------+

Top non-repeatable levels by time:
     D:5: 996 daAuts
     D:4: 969 daAuts
     D:3: 816 daAuts
     D:1: 723 daAuts
     D:2: 613 daAuts
     D:6: 189 daAuts
  Temple: 85 daAuts
